 Dungeon Crawl Stone Soup version 0.31.0-11-ge490571c62 (webtiles) character file.

Game seed: 3141459536031609976

35 qw the Shooter (level 3, -3/18 HPs)
             Began as a Spriggan Hunter on Feb 4, 2024.
             Slain by a cerulean imp
             ... wielding a +1 spear
             ... summoned by Natasha
              (5 damage)
             ... on level 2 of the Dungeon.
             The game lasted 00:00:03 (799 turns).

qw the Shooter (Spriggan Hunter)                     Turns: 799, Time: 00:00:03

Health: -3/18      AC:  2    Str:  7    XL:     3   Next: 17%
Magic:  4/4        EV: 20    Int: 10    God:
Gold:   79         SH:  0    Dex: 24    Spells: 2/2 levels left

rFire   . . .        a - +0 shortbow
rCold   . . .        (shield currently unavailable)
rNeg    . . .        c - +0 robe
rPois   .            (helmet restricted)
rElec   .            (no cloak)
rCorr   .            (gloves unavailable)
SInv    +            (boots unavailable)
Will    ++...        e - amulet of Coblecur {Will++ Regen+ Dex+4 Slay-5}
Stlth   ++           (no ring)
HPRegen 1.03/turn    (no ring)
MPRegen 0.09/turn

%: no passive effects
@: very quick
A: very small, no large weapons, unfitting armour, see invisible, speed 3
a: no special abilities


You were on level 2 of the Dungeon.
You visited 1 branch of the dungeon, and saw 2 of its levels.

You collected 79 gold pieces.


Innate Abilities, Weirdness & Mutations

You are very small and have problems with some larger weapons.
You are too small for most types of armour.
You have supernaturally acute eyesight. (SInv)
You cover ground extremely quickly. (Speed+++)


   Skills:
 - Level 1.5 Fighting
 - Level 4.5 Ranged Weapons
 + Level 4.0 Dodging
 - Level 1.5 Stealth


You had 2 spell levels left.
You didn't know any spells.
Your spell library was empty.

Inventory:

Hand Weapons
 a - a +0 shortbow (weapon)
Armour
 c - a +0 robe (worn)
Jewellery
 e - the amulet of Coblecur (around neck) {Will++ Regen+ Dex+4 Slay-5}
   (You acquired it on level 1 of the Dungeon)

   [amulet of regeneration]

   Dex+4:     It affects your dexterity (+4).
   Slay-5:    It affects your accuracy & damage with ranged weapons and melee
   (-5).
   Will++:    It greatly increases your willpower.
   Regen+:    It increases your rate of health regeneration.
Scrolls
 b - 3 scrolls of fear {unknown}
Potions
 d - a potion of curing {unknown}
 f - a potion of heal wounds {unknown}
 i - a potion of ambrosia {unknown}

Dungeon Overview and Level Annotations

Branches:
Dungeon (2/15)

Altars:

Annotations:
D:2 Natasha


Message History

Your experience leads to an increase in your attributes!
Your base attributes are Str 7, Int 10, Dex 18.
Increase (S)trength, (I)ntelligence, or (D)exterity?
You feel agile. x2
You shoot an arrow. The arrow hits the hobgoblin.
The hobgoblin is almost dead.
You feel sick.
The hobgoblin hits you but does no damage.
You shoot an arrow. The arrow hits the hobgoblin.
You kill the hobgoblin!
You feel sick.
You are no longer poisoned.
You shoot an arrow. The arrow closely misses Natasha.
Natasha mumbles some strange words.
Natasha misses you.
You shoot an arrow. The arrow hits Natasha.
Natasha is moderately wounded.
Natasha closely misses you. The cerulean imp completely misses you.
You shoot an arrow. The arrow barely misses Natasha.
Natasha claws you.
The cerulean imp hits you but does no damage.
You shoot an arrow.
The arrow hits Natasha but does no damage.
Natasha is moderately wounded.
Natasha claws you. The cerulean imp completely misses you.
You shoot an arrow. The arrow barely misses Natasha.
Natasha misses you. The cerulean imp closely misses you.
You shoot an arrow. The arrow hits Natasha.
Natasha is severely wounded.
Natasha misses you.
The cerulean imp hits you from afar with a +1 spear.
You shoot an arrow. The arrow barely misses Natasha.
Natasha completely misses you. The cerulean imp closely misses you.
Natasha claws you!
You shoot an arrow. The arrow hits Natasha.
Natasha is almost dead.
The cerulean imp misses you.
Natasha mumbles some strange words.
The cerulean imp hits you from afar with a +1 spear.
You die...

#)# #.# ### #####.#
#.# #...#.#
#.#.######.#.#.#
#..........#.#.##
#.###....#....#
#.##..#######.####
#.#@##.....#........
#5h5...###.#.#######
.....#....# #
###.####..# .######
... #.... .......
.#. #..##. .###### #
# .... .. ...## .
.....


You could see Natasha and 2 cerulean imps.

Vanquished Creatures
  An adder (D:2)
  An endoplasm (D:2)
  4 hobgoblins
  3 jackals (D:1)
  2 quokkas
  4 ball pythons
  A bat (D:1)
  2 frilled lizards (D:1)
  4 kobolds (D:1)
  2 rats (D:1)
24 creatures vanquished.

Notes
Turn   | Place    | Note
-------+----------+-------------------------------------------
     0 | D:1      | qw the Spriggan Hunter began the quest for the Orb.
     0 | D:1      | Reached XP level 1. HP: 10/10 MP: 2/2
     0 | D:1      | 0 ||| qw: Version: 0.3-a-160-g6735b56
     0 | D:1      | 0 ||| qw: Game counter: 4816
     0 | D:1      | 0 ||| qw: Melee chars always use a shield: true
     0 | D:1      | 0 ||| qw: God list: Okawaru
     0 | D:1      | 0 ||| qw: Allow faded altars: false
     0 | D:1      | 0 ||| qw: Do Orc after clearing Dungeon:15 true
     0 | D:1      | 0 ||| qw: Do second Lair branch before Depths: true
     0 | D:1      | 0 ||| qw: Lair rune preference: random
     0 | D:1      | 0 ||| qw: Goals: Normal
     0 | D:1      | 0 ||| PLANNING D:1-11
    43 | D:1      | Reached skill level 3 in Dodging
   192 | D:1      | Reached XP level 2. HP: 14/14 MP: 3/3
   332 | D:1      | 332 ||| DROPPING +2 sling of freezing.
   487 | D:1      | 487 ||| READING scroll labelled KIACZE HIFA.
   487 | D:1      | Identified a scroll of acquirement
   487 | D:1      | 487 ||| ACQUIRING amulet of Coblecur {Will++ Regen+ Dex+4
                  | Slay-5}
   487 | D:1      | Acquired the amulet of Coblecur {Will++ Regen+ Dex+4
                  | Slay-5}
   489 | D:1      | 489 ||| UPGRADING to amulet of Coblecur {Will++ Regen+
                  | Dex+4 Slay-5}.
   494 | D:1      | 494 ||| READING scroll labelled DIADOGH WECOEPS.
   495 | D:1      | 495 ||| READING scroll labelled CAQAMO QUOTHU.
   496 | D:1      | 496 ||| READING scroll labelled MAEDWOEGAP.
   499 | D:1      | 499 ||| DROPPING scroll of butterflies.
   781 | D:2      | Noticed Natasha
   782 | D:2      | 782 ||| RETREEEEATING.
   790 | D:2      | Reached XP level 3. HP: 11/18 MP: 4/4
   798 | D:2      | HP: 1/18 [Natasha (7)]
   799 | D:2      | Slain by a cerulean imp

Levels and vault maps discovered:
D:1:      scummos_arrival_gate, layout_rooms, minmay_misc_feat_more_columns
D:2:      layout_loops_ring, nicolae_concentric_dashed_squares_mild,
          minivault_24, uniq_natasha

Skill      XL: |  1  2 |
---------------+-------+-----
Dodging        | 3 4 |  4.0
Fighting       | |  1.5
Ranged Weapons | |  4.5
Stealth        | |  1.5

Action                     || total
---------------------------++-------
   Fire: Shortbow          ||    84
    Use: Scroll            ||     4
 Armour: Robe              ||    14
  Dodge: Dodged            ||    47

Table legend:
 A = Non-vault XP
 B = Vault XP
 C = Vault XP percentage of total XP
 D = Non-vault monster count
 E = Vault monster count
 F = Vault count percentage of total count
                 A         B        C        D         E       F
            +---------+---------+-------+---------+---------+-------
      Total |      51 |       0 |   0.0 |      24 |       0 |   0.0
            +---------+---------+-------+---------+---------+-------
        D:1 |      26 |       0 |   0.0 |      17 |       0 |   0.0
        D:2 |      25 |       0 |   0.0 |       7 |       0 |   0.0
            +---------+---------+-------+---------+---------+-------
